AoeStats
← 神圣罗马帝国 | Holy Roman

Nomad

510760195Analyzed
4v4 RM · 24h ago on Oct 2, 2026· 60m 8s· 8 players
Game mode
Random Map
Map size
231×231
Population
200
Speed
Normal
Resources
Standard
Victory
Conquest
Starting age
Dark Age
Ending age
Imperial Age
RankedLock teamsTeams togetherTeam positionsShared explorationLock speedFull tech treeHidden civsTurbo modeCheats
Victory
Defeat
🇨🇳 Koreans · China
1454
+14
🇨🇳 Persians · China
1442
+14
1334
+19
🇨🇳 Spanish · China
1313
+18
🇨🇳 Cumans · China
1413
-17
🇨🇳 Malay · China
1395
-16
🇨🇳 Berbers · China
1395
-16
🇨🇳 Koreans · China
1377
-16
网恋被骗50块
4:59 Loom
14:51 Feudal Age
16:13 Double-Bit Axe
18:55 Castle Age
16:38 Fishing Lines
18:16 Stone Mining
18:37 Gold Mining
18:37 Horse Collar
21:19 Bow Saw
21:02 Fletching
21:12 Padded Archer Armor
22:26 Town Watch
23:18 Wheelbarrow
23:48 Medium Warships
23:30 Gillnets
23:59 Kasbah
27:02 Heavy Plow
28:16 Stone Shaft Mining
28:03 Bodkin Arrow
29:32 Ballistics
30:51 Hand Cart
31:22 Gold Shaft Mining
30:32 Treadmill Crane
30:48 Murder Holes
35:49 Imperial Age
34:01 Light Cavalry
34:53 Bloodlines
34:43 Husbandry
34:50 Thumb Ring
35:00 Masonry
37:04 Conscription
36:18 Light Cavalry
38:21 Hoardings
38:54 Chemistry
38:16 Bracer
38:31 Leather Archer Armor
37:46 Hussar
39:17 Scale Barding Armor
38:47 Elite Camel Archer
41:33 Ring Archer Armor
41:14 Forging
42:24 Maghrebi Camels
44:06 Chain Barding Armor
44:22 Iron Casting
46:45 Plate Barding Armor
47:10 Blast Furnace
51:15 Cavalier
56:08 Blast Furnace
_KKK
4:41 Loom
13:29 Feudal Age
14:44 Double-Bit Axe
26:23 Castle Age
28:44 Fletching
32:33 Horse Collar
33:04 Bow Saw
36:10 Imperial Age
33:48 Scale Barding Armor
37:06 Forging
38:44 Chain Barding Armor
52:39 Wheelbarrow
56:46 Bloodlines
55:57 Cavalier
57:32 Plate Barding Armor
西门大官人
5:16 Loom
13:03 Feudal Age
19:58 Castle Age
18:02 Double-Bit Axe
18:55 Gold Mining
18:56 Fletching
19:57 Medium Warships
21:03 Wheelbarrow
20:41 Bodkin Arrow
26:55 Ballistics
28:02 Stone Mining
29:52 Padded Archer Armor
30:32 Elite Skirmisher
34:36 Hand Cart
38:13 Imperial Age
36:14 Leather Archer Armor
38:52 Chemistry
39:04 Pikeman
39:45 Squires
41:35 Conscription
40:54 Halberdier
46:04 Forging
47:46 Iron Casting
48:06 Arson
49:38 Blast Furnace
49:31 Bracer
50:03 Ring Archer Armor
50:39 Elite Karambit Warrior
51:49 Thumb Ring
55:40 Elite Karambit Warrior
56:24 Forced Levy
56:08 Man-at-Arms
伟少
5:35 Loom
13:47 Feudal Age
17:54 Fletching
21:33 Castle Age
神圣罗马帝国 | Holy Roman
3:50 Loom
14:50 Feudal Age
15:48 Gold Mining
19:10 Castle Age
17:55 Fishing Lines
19:26 Fletching
20:06 Medium Warships
19:53 Double-Bit Axe
21:03 Bow Saw
21:14 Medium Warships
23:56 Gold Shaft Mining
23:19 Bodkin Arrow
25:41 Gillnets
26:16 Horse Collar
28:56 Scale Mail Armor
29:17 Town Watch
29:24 Stone Mining
30:19 Chain Mail Armor
30:14 Forging
31:09 Forging
32:45 Iron Casting
32:23 Heavy Plow
32:36 Squires
37:30 Arson
46:59 Chieftains
48:37 Padded Archer Armor
51:09 Imperial Age
48:42 Murder Holes
50:00 Guard Tower
50:20 Masonry
49:42 Elite Skirmisher
51:16 Leather Archer Armor
51:52 Town Patrol
52:54 Blast Furnace
52:24 Plate Mail Armor
51:54 Bracer
52:58 Chemistry
51:43 Arrowslits
52:21 Conscription
52:02 Bogsveigar
53:58 Architecture
53:07 Elite Berserk
55:17 Ring Archer Armor
57:02 Scale Barding Armor
60:12 Ballistics
60:03 Fortified Wall
ulan88
4:57 Loom
13:05 Feudal Age
17:39 Castle Age
16:53 Stone Mining
18:02 Bloodlines
17:59 Padded Archer Armor
19:32 Husbandry
19:54 Leather Archer Armor
32:22 Imperial Age
33:00 Wheelbarrow
33:20 Horse Collar
34:26 Conscription
34:23 Heavy Plow
34:15 Double-Bit Axe
37:06 Chemistry
37:01 Ballistics
41:25 Hand Cart
40:56 Town Watch
42:49 Pikeman
43:30 Squires
43:18 Arson
43:45 Forging
43:36 Scale Mail Armor
43:36 Gold Mining
44:19 Halberdier
45:47 Masonry
46:43 Iron Casting
46:24 Chain Mail Armor
46:19 Murder Holes
ahjol
10:16 Loom
13:46 Feudal Age
18:32 Castle Age
16:33 Stone Mining
17:01 Double-Bit Axe
17:14 Gold Mining
18:28 Fletching
19:06 Fishing Lines
19:39 Bow Saw
19:43 Bodkin Arrow
24:41 Ballistics
27:07 Town Watch
29:41 Wheelbarrow
36:38 Imperial Age
35:18 Gold Shaft Mining
35:14 Elite Skirmisher
37:22 Masonry
38:06 Bracer
39:09 Conscription
40:54 Scale Mail Armor
41:04 Forging
41:40 Hand Cart
42:14 Chain Mail Armor
43:53 Chemistry
43:24 Architecture
43:54 Chemistry
45:00 Plate Mail Armor
45:05 Iron Casting
45:47 Stone Shaft Mining
45:42 Squires
47:31 Treadmill Crane
47:47 Arson
49:32 Horse Collar
51:17 Iron Casting
53:13 Thumb Ring
60:15 Shinkichon
60:35 Town Patrol
usqyn
3:52 Loom
13:41 Feudal Age
14:19 Double-Bit Axe
14:17 Fishing Lines
16:35 Town Watch
23:09 Castle Age
23:29 Fletching
26:17 Bodkin Arrow
27:55 Scale Barding Armor
29:28 Chain Barding Armor
30:07 Medium Warships
33:32 Gillnets
34:34 Forging
36:59 Gold Mining
37:21 Bow Saw
39:39 Wheelbarrow
38:47 Horse Collar
42:13 Imperial Age
40:32 Heavy Plow
42:46 Iron Casting
42:26 Bloodlines
42:17 Husbandry
43:15 Gold Shaft Mining
42:30 Stone Mining
43:21 Conscription
43:39 Plate Barding Armor
45:56 Capped Ram
47:54 Blast Furnace
48:17 Hand Cart
48:23 Siege Ram
52:56 Two-Man Saw
55:51 Citadels
56:02 Elite War Elephant
Connection lost

Rejoining the realm…

Still unreachable

The connection could not be restored.

Session expired

The server has moved on; the page needs a fresh start.